 Dungeon Crawl Stone Soup version 0.31-a0-237-g2d982f9f85 (webtiles) character file.

Game seed: 7664512258407313720

318 qw the Shooter (level 6, -5/52 HPs)
             Began as a Minotaur Hexslinger on July 10, 2023.
             Slain by Pikel
             ... wielding a +1 whip of electrocution
              (9 damage)
             ... on level 5 of the Dungeon.
             The game lasted 00:01:25 (3425 turns).

qw the Shooter (Minotaur Hexslinger)                Turns: 3425, Time: 00:01:26

Health: -5/52      AC:  4    Str: 16    XL:     6   Next: 21%
Magic:  6/6        EV: 12    Int: 12    God:
Gold:   165        SH:  0    Dex: 14    Spells: 6/7 levels left

rFire   . . .        Y - +1 sling (freeze)
rCold   . . .        (no shield)
rNeg    . . .        k - +0 robe "Juill" {rElec Str+3 Int+2}
rPois   .            (helmet restricted)
rElec   +            j - +0 cloak
rCorr   .            (no gloves)
SInv    +            f - +0 pair of boots
Will    .....        (no amulet)
Stlth   +            o - ring of see invisible
HPRegen 0.28/turn    (no ring)
MPRegen 0.10/turn

%: no passive effects
@: about to teleport
A: horns 2, retaliatory headbutt
a: no special abilities


You were on level 5 of the Dungeon.
You visited 1 branch of the dungeon, and saw 5 of its levels.

You collected 165 gold pieces.


Innate Abilities, Weirdness & Mutations

You have a pair of horns on your head.
You reflexively headbutt those who attack you in melee.


   Skills:
 - Level 4.2 Fighting
 + Level 6.0 Ranged Weapons
 - Level 1.2 Armour
 - Level 2.1 Dodging
 - Level 1.0 Spellcasting
 - Level 2.0 Hexes


You had 6 spell levels left.
You knew the following spells:

 Your Spells              Type           Power      Damage    Failure   Level
a - Slow                  Hex            20%        N/A       13%         1

Your spell library contained the following spells:

 Spells                   Type           Power      Damage    Failure   Level
 Inner Flame              Hex/Fire       3%         N/A       52%         3
 Portal Projectile        Hex/Tloc       6%         N/A       52%         3
 Cause Fear               Hex            2%         N/A       78%         4

Inventory:

Hand Weapons
 Y - a +1 sling of freezing (weapon)
Armour
 f - a +0 pair of boots (worn)
 g - a +0 ring mail
 j - a +0 cloak (worn)
 k - the +0 robe "Juill" (worn) {rElec Str+3 Int+2}
   (You found it on level 2 of the Dungeon)

   Str:       It affects your strength (+3).
   Int:       It affects your intelligence (+2).
   rElec:     It insulates you from electricity.
Jewellery
 o - a ring of see invisible (left hand)
Scrolls
 a - a scroll of identify
Potions
 d - a potion of might
 h - a potion of brilliance {unknown}
 i - a potion of enlightenment
 n - a potion of lignification {unknown}

Dungeon Overview and Level Annotations

Branches:
Dungeon (5/15)
 Temple: D:4-7

Altars:

Annotations:
D:2 1 runed translucent door, Crazy Yiuf
D:5 Pikel


Message History

The sling bullet freezes Pikel.
Pikel is heavily wounded.
Pikel hits you with a +1 whip of electrocution!
You shoot a sling bullet.
The sling bullet hits Pikel but does no damage.
Pikel is heavily wounded.
Pikel closely misses you.
You shoot a sling bullet. The sling bullet hits Pikel.
The sling bullet freezes Pikel.
Pikel is heavily wounded.
Pikel hits you with a +1 whip of electrocution.
You shoot a sling bullet.
The sling bullet hits Pikel but does no damage.
Pikel is heavily wounded.
Pikel hits you with a +1 whip of electrocution.
You shoot a sling bullet.
The sling bullet hits Pikel but does no damage.
Pikel is heavily wounded.
Pikel hits you with a +1 whip of electrocution.
Pikel completely misses you.
You shoot a sling bullet. The sling bullet barely misses Pikel.
You hear a shout!
Pikel hits you with a +1 whip of electrocution.
You shoot a sling bullet.
The sling bullet hits Pikel but does no damage.
Pikel is heavily wounded.
Pikel completely misses you.
You shoot a sling bullet.
The sling bullet hits Pikel but does no damage.
Pikel is heavily wounded.
Pikel hits you with a +1 whip of electrocution.
You shoot a sling bullet. The sling bullet barely misses Pikel.
Pikel hits you with a +1 whip of electrocution!
3424 ||| READING scroll of teleportation.
As you read the scroll of teleportation, it crumbles to dust.
You feel strangely unstable.
Pikel hits you with a +1 whip of electrocution.
You shoot a sling bullet. The sling bullet closely misses Pikel.
Pikel hits you with a +1 whip of electrocution!
You die...

... ... ... #.#
#.# ###.######.#
........K#.##
##.###@#...#
#.##.###..#
#...## ##.# #
####.###..#
##.#######.#...#
........###.#..#
.............<.#
#######.#####.##
#.# #.#


You could see Pikel.

Vanquished Creatures
  2 orc priests
  A jelly (D:4)
  Jessica (D:2)
  2 orc wizards (D:4)
  4 adders
  A worm (D:2)
  4 dart slugs
  14 orcs
  4 endoplasms
  5 giant cockroaches
  5 goblins
  8 hobgoblins
  8 jackals
  2 kobolds
  4 quokkas
  8 ball pythons
  7 bats
  3 frilled lizards
  8 rats
91 creatures vanquished.

Notes
Turn   | Place    | Note
-------+----------+-------------------------------------------
     0 | D:1      | qw the Minotaur Hexslinger began the quest for the Orb.
     0 | D:1      | Reached XP level 1. HP: 16/16 MP: 1/1
     0 | D:1      | 0 ||| qw: Version: 0.3-a-52-g30416fa
     0 | D:1      | 0 ||| qw: Game counter: 5329
     0 | D:1      | 0 ||| qw: Melee chars always use a shield: true
     0 | D:1      | 0 ||| qw: God list: Okawaru
     0 | D:1      | 0 ||| qw: Allow faded altars: false
     0 | D:1      | 0 ||| qw: Do Orc after clearing Dungeon:15 true
     0 | D:1      | 0 ||| qw: Do second Lair branch before Depths: true
     0 | D:1      | 0 ||| qw: Lair rune preference: random
     0 | D:1      | 0 ||| qw: Goals: Normal
     0 | D:1      | 0 ||| PLANNING D:1-11
   212 | D:1      | Reached skill level 3 in Ranged Weapons
   212 | D:1      | Reached XP level 2. HP: 23/23 MP: 2/2
   389 | D:1      | Reached XP level 3. HP: 29/29 MP: 3/3
   398 | D:1      | 398 ||| FLEEEEING.
   399 | D:1      | 399 ||| FLEEEEING.
   400 | D:1      | 400 ||| FLEEEEING.
   401 | D:1      | 401 ||| FLEEEEING.
   402 | D:1      | 402 ||| FLEEEEING.
   403 | D:1      | 403 ||| FLEEEEING.
   404 | D:1      | 404 ||| FLEEEEING.
   405 | D:1      | 405 ||| FLEEEEING.
   406 | D:1      | 406 ||| FLEEEEING.
   410 | D:1      | 410 ||| FLEEEEING.
   411 | D:1      | 411 ||| FLEEEEING.
   412 | D:1      | 412 ||| FLEEEEING.
   416 | D:1      | 416 ||| FLEEEEING.
   841 | D:1      | 841 ||| UPGRADING to +0 pair of boots.
   846 | D:1      | 846 ||| UPGRADING to +0 ring mail.
   856 | D:1      | 856 ||| DROPPING +0 robe.
   857 | D:1      | 857 ||| READING 2 scrolls labelled VIDWOJ POER.
   858 | D:1      | 858 ||| DROPPING scroll of poison.
   880 | D:2      | Reached skill level 4 in Ranged Weapons
   921 | D:2      | Reached skill level 1 in Armour
   943 | D:2      | Reached XP level 4. HP: 35/36 MP: 4/4
   961 | D:2      | Noticed Jessica
   977 | D:2      | Killed Jessica
  1104 | D:2      | Reached skill level 5 in Ranged Weapons
  1221 | D:2      | Identified the +0 robe "Juill" {rElec Str+3 Int+2}
  1284 | D:2      | Found a runed translucent door.
  1285 | D:2      | Noticed Crazy Yiuf
  1430 | D:2      | 1430 ||| UPGRADING to +0 cloak.
  1435 | D:2      | 1435 ||| UPGRADING to +0 robe "Juill" {rElec Str+3 Int+2}.
  1445 | D:2      | 1445 ||| READING scroll labelled YGUEXI QIOMN.
  1475 | D:2      | 1475 ||| READING 2 scrolls labelled NESIWI GAIME.
  1476 | D:2      | 1476 ||| READING scroll labelled POTREMUSHI.
  1477 | D:2      | 1477 ||| READING scroll labelled YROCEI BABRAMM.
  1542 | D:2      | 1542 ||| READING scroll labelled OGUOCL FESSO.
  1543 | D:2      | 1543 ||| DROPPING scroll of fog.
  2153 | D:3      | 2153 ||| READING scroll labelled JALEED BUTI.
  2154 | D:3      | 2154 ||| READING scroll labelled WEKHOGUBES.
  2155 | D:3      | 2155 ||| READING scroll labelled LOETER ESIAJI.
  2156 | D:3      | 2156 ||| DRINKING 2 bubbling dark potions.
  2157 | D:3      | 2157 ||| DRINKING 2 amethyst potions.
  2158 | D:3      | 2158 ||| READING 2 scrolls of identify.
  2158 | D:3      | 2158 ||| IDENTIFYING cyan potion
  2200 | D:4      | 2200 ||| FLEEEEING.
  2201 | D:4      | 2201 ||| FLEEEEING.
  2203 | D:4      | 2203 ||| STAIRDANCE
  2247 | D:4      | 2247 ||| STAIRDANCE
  2303 | D:4      | 2303 ||| STAIRDANCE
  2308 | D:3      | Reached skill level 3 in Fighting
  2308 | D:3      | Reached XP level 5. HP: 29/45 MP: 5/5
  2372 | D:4      | 2372 ||| STAIRDANCE
  2401 | D:4      | 2401 ||| STAIRDANCE
  2431 | D:4      | 2431 ||| STAIRDANCE
  2520 | D:4      | 2520 ||| DROPPING +1 sling of freezing.
  2813 | D:4      | Reached skill level 6 in Ranged Weapons
  2831 | D:4      | Reached XP level 6. HP: 38/52 MP: 6/6
  2849 | D:4      | 2849 ||| FLEEEEING.
  2851 | D:4      | 2851 ||| FLEEEEING.
  2852 | D:4      | 2852 ||| FLEEEEING.
  2853 | D:4      | 2853 ||| FLEEEEING.
  2854 | D:4      | 2854 ||| FLEEEEING.
  2855 | D:4      | 2855 ||| FLEEEEING.
  2858 | D:4      | 2858 ||| FLEEEEING.
  3261 | D:4      | 3261 ||| UPGRADING to ring of see invisible.
  3262 | D:4      | 3262 ||| READING scroll labelled JETARE QAOKLON.
  3263 | D:4      | 3263 ||| READING scroll labelled ZECHUTWIETS.
  3264 | D:4      | 3264 ||| READING scroll labelled ILOASTR FUTI.
  3297 | D:5      | Entered Level 5 of the Dungeon
  3325 | D:5      | Noticed Pikel
  3345 | D:5      | HP: 13/52 [Pikel/+1 whip of electrocution (9)]
  3346 | D:5      | 3346 ||| READING 2 scrolls of teleportation.
  3347 | D:5      | 3347 ||| DRINKING potion of heal wounds.
  3423 | D:5      | HP: 9/52 [Pikel/+1 whip of electrocution (12)]
  3424 | D:5      | 3424 ||| READING scroll of teleportation.
  3424 | D:5      | HP: 4/52 [Pikel/+1 whip of electrocution (6)]
  3425 | D:5      | Slain by Pikel

Levels and vault maps discovered:
D:1:      matt_arrival_los_fun, layout_basic, minmay_pentomino_z4
D:2:      layout_rooms, uniq_jessica, uniq_crazy_yiuf_cottage
D:3:      layout_loops_ring, minmay_misc_feat_four_crosses, st_stairs_4
D:4:      layout_loops_ring
D:5:      layout_loops_ring, minmay_temple_entry_purple_smoke, uniq_pikel,
          uniq_edmund

Skill      XL: |  1  2  3  4  5  6 |
---------------+-------------------+-----
Ranged Weapons | 3 4 5 6 |  6.0
Fighting       | 2 3 4 |  4.2
Armour         | 1 |  1.2
Dodging        | |  2.1
Spellcasting   | |  1.0
Hexes          | |  2.0

Action                     |  1- 3 |  4- 6 || total
---------------------------+-------+-------++-------
   Fire: Sling             |   106 |   195 ||   301
    Use: Scroll            |     1 |    14 ||    15
         Potion            |       |     3 ||     3
 Armour: Robe              |     6 |    16 ||    22
         Ring mail         |     8 |     5 ||    13
  Dodge: Dodged            |    34 |    93 ||   127

Table legend:
 A = Non-vault XP
 B = Vault XP
 C = Vault XP percentage of total XP
 D = Non-vault monster count
 E = Vault monster count
 F = Vault count percentage of total count
                 A         B        C        D         E       F
            +---------+---------+-------+---------+---------+-------
      Total |     412 |      43 |   9.5 |      86 |       5 |   5.5
            +---------+---------+-------+---------+---------+-------
        D:1 |      57 |       3 |   5.0 |      32 |       2 |   5.9
        D:2 |      72 |      37 |  33.9 |      18 |       1 |   5.3
        D:3 |      62 |       3 |   4.6 |      11 |       2 |  15.4
        D:4 |     221 |       0 |   0.0 |      25 |       0 |   0.0
            +---------+---------+-------+---------+---------+-------
